 Dungeon Sprint DCSS version 0.27-a0-1186-g8b4daa1eef (webtiles) character file.

Game seed: 10436896344829657094

380 mhtbhm the Geomancer (level 6, -4/32 HPs)
             Began as a Deep Elf Earth Elementalist on May 19, 2021.
             Was an Elder of Vehumet.
             Slain by a swamp dragon (10 damage)
             ... in the Dungeon (Sprint VII: "The Pits").
             The game lasted 00:02:04 (753 turns).

mhtbhm the Geomancer (Deep Elf Earth Elementalist)   Turns: 753, Time: 00:02:06

Health: -4/32      AC:  2    Str:  5    XL:     6   Next: 46%
Magic:  14/22      EV: 14    Int: 22    God:    Vehumet [****..]
Gold:   0          SH:  0    Dex: 15    Spells: 13/27 levels left

rFire    . . .     SeeInvis .   l - +1 quarterstaff (speed)
rCold    . . .     Faith    .   (shield currently unavailable)
rNeg     . . .     Spirit   .   c - +0 robe
rPois    .         Reflect  .   (no helmet)
rElec    .         Harm     .   (no cloak)
rCorr    .         Rampage  .   (no gloves)
Will     .....     NoTele   +   (no boots)
Stlth    ++........             (no amulet)
HPRegen  0.10/turn              (no ring)
MPRegen  0.18/turn              (no ring)

@: lethally poisoned (-4 -> -34)
A: no striking features
a: Renounce Religion


You were in the Dungeon.
You worshipped Vehumet.
Vehumet was greatly pleased with you.
You visited 1 branch

Inventory:

Hand Weapons
 l - a +1 quarterstaff of speed (weapon)
Missiles
 b - 26 stones
Armour
 c - a +0 robe (worn)
Wands
 m - a wand of digging (7)
Scrolls
 i - a scroll of blinking
 j - 5 scrolls of amnesia
 k - a scroll of summoning
Potions
 a - 2 potions of invisibility
 d - 5 potions of curing
 e - 5 potions of heal wounds
 f - a potion of haste
 g - 4 potions of magic
 h - 3 potions of berserk rage
 n - 2 potions of brilliance {unknown}


   Skills:
 + Level 5.5 Dodging
 - Level 2.5 Stealth
 + Level 11.2 Spellcasting
 + Level 0.2 Conjurations
 + Level 2.5 Transmutations
 + Level 1.0 Fire Magic
 + Level 11.2 Earth Magic


You had 13 spell levels left.
You knew the following spells:

 Your Spells              Type           Power      Damage    Failure   Level
a - Sandblast             Erth           100%       2d20      1%          1
b - Foxfire               Conj/Fire      60%        2x1d7     1%          1
c - Stone Arrow           Conj/Erth      74%        3d11      1%          3
d - Lee's Rapid Deconstr  Erth           29%        3d16*     1%          5
e - Petrify               Tmut/Erth      42%        N/A       3%          4

Your spell library contained the following spells:

 Spells                   Type           Power      Damage    Failure   Level
 Searing Ray              Conj           26%        3d4       1%          2
 Passwall                 Tmut/Erth      35%        N/A       1%          2


Dungeon Overview and Level Annotations

Branches:
Dungeon (1/1)

Altars:
Ashenzari
Cheibriados
Dithmenos
Elyvilon
Fedhas
Gozag
Hepliaklqana
Kikubaaqudgha
Makhleb
Nemelex Xobeh
Okawaru
Qazlal
Ru
Sif Muna
Trog
Uskayaw
Vehumet
Wu Jian
Xom
Yredelemnul
Zin
The Shining One
Beogh
Jiyva
Lugonu


Message History

Casting: Lee's Rapid Deconstruction (dangerous; 1% risk of failure)
Confirm with . or Enter, or press ? or * to list all spells.
Aiming: Lee's Rapid Deconstruction (dangerous; 1% risk of failure)
Press: ? - help, Dir - move target A metal wall.
Okay, then.
Casting: Lee's Rapid Deconstruction (dangerous; 1% risk of failure)
Confirm with . or Enter, or press ? or * to list all spells.
The spell is quite dangerous to cast (3% risk of failure)!
Continue anyway?
Aiming: Petrify (quite dangerous; 3% risk of failure)
Press: ? - help, Shift-Dir - straight line, f - swamp dragon
Aim: a swamp dragon (wandering, hasn't noticed you, chance to affect: 50%)
The swamp dragon roars deafeningly!
The swamp dragon resists with significant effort.
Unknown command.
Casting: Petrify (quite dangerous; 3% risk of failure)
Confirm with . or Enter, or press ? or * to list all spells.
The spell is quite dangerous to cast (3% risk of failure)!
Continue anyway?
Aiming: Petrify (quite dangerous; 3% risk of failure)
Press: ? - help, Shift-Dir - straight line, f/p - swamp dragon
Aim: a swamp dragon (chance to affect: 50%)
The swamp dragon is moving more slowly.
The swamp dragon bites you! The swamp dragon claws you!
The swamp dragon misses you.
Unknown command.
Unknown command.
You feel much better.
The swamp dragon breathes poison at you.
The blast of poison engulfs you!
You are poisoned.
Unknown command.
You feel better.
You are engulfed in poison gas.
You are poisoned.
You feel very sick.
Unknown command.
You are engulfed in poison gas.
You are lethally poisoned!
* * * LOW HITPOINT WARNING * * *
You feel extremely sick.
The swamp dragon bites you but does no damage.
The swamp dragon claws you!
You die...

#†#........##.......#
#)###########.......#
#..)....# #########
#.###...# #.#...☼.#
#.#...#○#+#
#.....#○#○+
#...###☼#D#
#....○°○@☼#
###########


You could see a swamp dragon (petrifying).

Vanquished Creatures
  A floating eye (D)
  A black bear (D)
  Blork the orc (D)
  A gnoll sergeant (D)
  Ijyb (D)
  An adder (D)
  An ufetubus (D)
  A ball python (D)
  2 bats (D)
  A bat zombie (D)
  An endoplasm (D)
  A kobold (D)
  A frilled lizard (D)
  2 quokka zombies (D)
16 creatures vanquished.

Notes
Turn   | Place    | Note
-------+----------+-------------------------------------------
     0 | D        | mhtbhm the Deep Elf Earth Elementalist began the quest for
                  | the Orb.
     0 | D        | Reached XP level 1. HP: 10/10 MP: 6/6
    99 | D        | Found a bloodstained altar of Trog.
    99 | D        | Found a shimmering blue altar of Sif Muna.
    99 | D        | Found a viscous altar of Jiyva.
    99 | D        | Found a hazy altar of Hepliaklqana.
    99 | D        | Found an opulent altar of Gozag.
   100 | D        | Found a glowing golden altar of the Shining One.
   100 | D        | Found a glowing silver altar of Zin.
   100 | D        | Found a basalt altar of Yredelemnul.
   100 | D        | Found a shimmering altar of Xom.
   100 | D        | Found an ornate altar of the Wu Jian Council.
   100 | D        | Found a sacrificial altar of Ru.
   100 | D        | Found a stormy altar of Qazlal.
   100 | D        | Found an iron altar of Okawaru.
   100 | D        | Found a sparkling altar of Nemelex Xobeh.
   100 | D        | Found a burning altar of Makhleb.
   100 | D        | Found a blossoming altar of Fedhas.
   100 | D        | Found a white marble altar of Elyvilon.
   100 | D        | Found a shadowy altar of Dithmenos.
   100 | D        | Found a snail-covered altar of Cheibriados.
   102 | D        | Found a radiant altar of Vehumet.
   102 | D        | Found a corrupted altar of Lugonu.
   103 | D        | Found a hide-covered altar of Uskayaw.
   103 | D        | Found an ancient bone altar of Kikubaaqudgha.
   103 | D        | Found a broken altar of Ashenzari.
   110 | D        | Became a worshipper of Vehumet
   227 | D        | Reached * piety under Vehumet
   227 | D        | Offered knowledge of Foxfire by Vehumet.
   239 | D        | Learned a level 1 spell: Foxfire
   253 | D        | Noticed a black bear
   253 | D        | Noticed a floating eye
   262 | D        | Killed a floating eye
   263 | D        | Reached XP level 2. HP: 15/15 MP: 6/12
   263 | D        | Reached XP level 3. HP: 19/19 MP: 6/13
   263 | D        | Reached XP level 4. HP: 24/24 MP: 6/15
   267 | D        | Learned a level 3 spell: Stone Arrow
   423 | D        | Reached ** piety under Vehumet
   423 | D        | Offered knowledge of Static Discharge by Vehumet.
   439 | D        | Killed a black bear
   440 | D        | Reached skill level 5 in Dodging
   440 | D        | Reached XP level 5. HP: 28/28 MP: 11/18
   487 | D        | Learned a level 5 spell: Lee's Rapid Deconstruction
   492 | D        | Learned a level 4 spell: Petrify
   567 | D        | Noticed Ijyb
   570 | D        | Noticed Blork the orc
   573 | D        | Offered knowledge of Searing Ray by Vehumet.
   574 | D        | Reached *** piety under Vehumet
   574 | D        | Killed Ijyb
   574 | D        | Killed Blork the orc
   575 | D        | Reached skill level 10 in Spellcasting
   575 | D        | Reached skill level 10 in Earth Magic
   575 | D        | Reached XP level 6. HP: 32/32 MP: 15/21
   622 | D        | Reached **** piety under Vehumet
   662 | D        | Reached skill level 1 in Fire Magic
   748 | D        | Noticed a swamp dragon
   753 | D        | Slain by a swamp dragon

Illustrated notes

Levels and vault maps discovered:
D:        pitsprint [storerooms_1, entrance_room_1, metal_vault_6, armoury_1,
          mini_pit_1, grid_room_1, main_hall_1, silver_pit, the_coven_2,
          the_vestibule_1, steel_vault_2, golden_pit, hallway_of_sentries,
          crystal_vault_4, iron_vault_5, final_vault]

Skill      XL: |  1  2  3  4  5  6 |
---------------+-------------------+-----
Earth Magic    | 8 9 10 11 | 11.2
Dodging        | 4 5 |  5.5
Spellcasting   | 7 9 10 11 | 11.2
Transmutations | 2 |  2.5
Fire Magic     | 1 |  1.0
Stealth        | |  2.5
Conjurations   | |  0.2

Action                   |  1- 3 |  4- 6 || total
-------------------------+-------+-------++-------
Melee: Unarmed           |     3 |       ||     3
 Cast: Sandblast         |     8 |     6 ||    14
       Lee's Rapid Decon |       |     4 ||     4
       Stone Arrow       |       |     2 ||     2
       Petrify           |       |     2 ||     2
  Use: Potion            |       |     2 ||     2
Armor: Robe              |     2 |     1 ||     3
Dodge: Dodged            |     5 |     6 ||    11

Table legend: (Time is in decaauts)
 A = Elapsed time spent in this place.
 B = Non-inter-level travel time spent in this place.
 C = Inter-level travel time spent in this place.
 D = Time resting spent in this place.
 E = Time spent auto-exploring this place.
 F = Levels seen in this place.
 G = Mean time per level.
                   A        B        C        D        E       F      G
               +--------+--------+--------+--------+--------+-----+--------+
         Total |    752 |    752 |      0 |    503 |      0 |   1 |  752.0 |
       Dungeon |    752 |    752 |      0 |    503 |      0 |   1 |  752.0 |
               +--------+--------+--------+--------+--------+-----+--------+

Top non-repeatable levels by time:
       D: 752 daAuts
